cohdb
Replays
Latest Replays
All Replays
Popular Replays
Top Player Replays
Match Explorer
How It Works
Community
CoH3 Stats
Reddit
Sign in to upload your games and track your stats! →
Sign in with Steam
Match 32424719
Unlisted
Match 32424719
Overview
Messages
Build Orders
End
Kettenkrad Recon Vehicle
Construct Infanterie Kompanie
Grenadier Squad
Selects Breakthrough Battlegroup
Selects Assault Grenadiers
Grenadier Squad
Grenadier Squad
Infanterie Officer Quarters
Construct Panzergrenadier Kompanie
Selects Smoke Bombing Run
Selects Mechanized Assault Group
Construct Panzer Kompanie
Mechanized Assault Group
Stoßtruppen Squad
Panzer Officer Quarters
MaXiS
≡[EZGK]≡ T3dgO13
0
0
Comments
sign in to comment!
No comments posted yet!